 Dungeon Crawl Stone Soup version 0.25.1-2-g60ff931df9 (webtiles) character file.

Game seed: 11573513985232900872

34 Lazav66 the Shield-Bearer (level 3, -2/23 HPs)
             Began as a Gargoyle Fighter on Oct 15, 2020.
             Slain by Sigmund
             ... wielding a +0 scythe
              (4 damage)
             ... on level 2 of the Dungeon.
             The game lasted 00:02:26 (1100 turns).

Lazav66 the Shield-Bearer (Gargoyle Fighter)        Turns: 1100, Time: 00:02:26

Health: -2/23      AC: 12    Str: 19    XL:     3   Next: 31%
Magic:  3/3        EV:  5    Int:  8    God:
Gold:   68         SH:  9    Dex: 10    Spells: 2/2 levels left

rFire    . . .     SeeInvis .   a - +0 flail
rCold    . . .     Gourm    .   c - +0 kite shield
rNeg     + . .     Faith    .   o - +0 chain mail
rPois    ∞         Spirit   .   (no helmet)
rElec    +         Reflect  .   (no cloak)
rCorr    .         Harm     .   (no gloves)
MR       .....                  (no boots)
Stlth    ..........             (no amulet)
HPRegen  0.07/turn              (no ring)
MPRegen  0.08/turn              (no ring)

@: mighty
A: negative energy resistance 1, electricity resistance, unbreathing,
petrification resistance, rot immunity, AC +3
a: no special abilities


You were on level 2 of the Dungeon.
You were hungry.

You visited 1 branch of the dungeon, and saw 2 of its levels.

You collected 68 gold pieces.

Inventory:

Hand Weapons
 a - a +0 flail (weapon)
Armour
 b - a +0 scale mail
 c - a +0 kite shield (worn)
 o - a +0 chain mail (worn)
Scrolls
 e - a scroll of teleportation {unknown}
 m - a scroll of identify {unknown}
 n - a scroll of remove curse {unknown}
Potions
 h - 3 potions of curing {unknown}
 i - a potion of haste {unknown}
 j - a potion of lignification {unknown}
 k - a potion of heal wounds {unknown}
 l - a potion of invisibility {unknown}
Comestibles
 f - 4 rations


   Skills:
 + Level 3.6 Fighting
 * Level 2.7 Maces & Flails
 + Level 3.6 Armour
 + Level 3.6 Shields


You had 2 spell levels left.
You didn't know any spells.
Your spell library was empty.

Dungeon Overview and Level Annotations

Branches:
Dungeon (2/15)

Altars:

Annotations:
D:2 Sigmund


Innate Abilities, Weirdness & Mutations

You are resistant to torment.
Your stone body is resilient. (AC +3)
You are immune to poison.
You resist negative energy. (rN+)
You are resistant to electric shocks. (rElec)
You can survive without breathing.
You are immune to petrification.
You are immune to rotting.


Message History

You kill the kobold!
Sigmund hits you but does no damage.
Things that are here:
a +0 club x2; a kobold corpse You closely miss Sigmund.
Sigmund hits you with a +0 scythe.
You closely miss Sigmund. You block Sigmund's attack.
You closely miss Sigmund. Sigmund casts a spell at you.
The puff of flame hits you.
* * * LOW HITPOINT WARNING * * *
You closely miss Sigmund.
Sigmund gestures wildly while chanting.
Sigmund flickers and vanishes!
Deactivating autopickup; reactivate with Ctrl-A.
You sock something!
You hear some strange, mumbled words.
A magic dart appears from out of thin air!
The magic dart hits you but does no damage.
Something hits you.
You die...

### #<# #@#
########## #{#
#......... #.#
#####.########
#.# #.....#
#.#
#.###########
.# ### #.#
#.##........#
.. K.# #.#
#.##........##
..########.#
#.#
#.##........#.
....#......#
#.#
#.##).......+.


There were no monsters in sight!

Vanquished Creatures
  A dart slug (D:1)
  A leopard gecko (D:1)
  2 giant cockroaches (D:1)
  5 goblins
  2 jackals (D:1)
  5 kobolds
  2 ball pythons (D:1)
  5 bats (D:1)
  2 frilled lizards (D:1)
  6 rats (D:1)
31 creatures vanquished.

Notes
Turn   | Place    | Note
-------+----------+-------------------------------------------
     0 | D:1      | Lazav66 the Gargoyle Fighter began the quest for the Orb.
     0 | D:1      | Reached XP level 1. HP: 14/14 MP: 1/1
    80 | D:1      | Reached XP level 2. HP: 16/19 MP: 2/2
   472 | D:1      | Reached XP level 3. HP: 22/23 MP: 3/3
   848 | D:2      | Noticed Sigmund
  1100 | D:2      | Slain by Sigmund

Illustrated notes

Levels and vault maps discovered:
D:1:      dpeg_arrival_refuge, layout_basic, kennysheep_minor_cross
D:2:      layout_basic, serial_bayou_pond_e, lemuel_another_geyser, uniq_sigmund

Action                   || total
-------------------------++-------
Melee: Flail             ||   104
  Use: Potion            ||     1
Armor: Scale mail        ||    44
       Chain mail        ||     9
Dodge: Dodged            ||    31
Block: Kite shield       ||    66
